 Dungeon Crawl Stone Soup version 0.19-a0-1341-g3513869 (webtiles) character file.

118142 Gagarin the Severer (level 16, -8/146 HPs)
             Began as a Minotaur Fighter on Aug 30, 2016.
             Was the Champion of Okawaru.
             Mangled by an entropy weaver (12 damage)
             ... on level 3 of the Spider Nest on Sept 1, 2016.
             The game lasted 01:22:37 (25977 turns).

Gagarin the Severer (Minotaur Fighter)             Turns: 25977, Time: 01:22:37

Health: -8/146     AC:  1    Str: 26    XL:     16   Next: 24%
Magic:  21/21      EV: 17    Int:  5    God:    Okawaru [******]
Gold:   2334       SH: 17    Dex: 12    Spells: 0 memorised, 15 levels left

rFire  + + +     SeeInvis .     A - +7 broad axe "Ficuot" {freeze, rF++ rC-}
rCold  . . .     Gourm    .     y - +1 scale mail {rC+}
rNeg   . . .     Faith    .     c - +0 shield
rPois  +         Spirit   .     j - +2 hat {MR+}
rElec  .         Dismiss  .     M - +0 cloak {rPois}
rCorr  .         Reflect  +     (no gloves)
MR     +++..     Harm     .     G - +1 pair of boots {run}
Stlth  ..........               Z - +3 amulet of reflection
                                Y - ring of protection from magic
                                z - ring of protection from fire

@: lethally poisoned (-8 -> -8), corroded, quick
A: retaliatory headbutt, horns 2
a: Heroism, Finesse, Renounce Religion


You were on level 3 of the Spider Nest.
You worshipped Okawaru.
Okawaru was exalted by your worship.
You were very hungry.

You visited 5 branches of the dungeon, and saw 27 of its levels.

You collected 2798 gold pieces.
You spent 464 gold pieces at shops.

Inventory:

Hand Weapons
 v - a +1 eveningstar of protection
 A - the +7 broad axe "Ficuot" (weapon) {freeze, rF++ rC-}
   (Okawaru gifted it to you on level 6 of the Lair of Beasts)

   It has been specially enchanted to freeze those struck by it, causing extra
   injury to most foes and up to half again as much damage against particularly
   susceptible opponents.
   It can also slow down cold-blooded creatures.
   It greatly protects you from fire.
   It makes you vulnerable to cold.
Missiles
 F - 21 javelins (quivered)
Armour
 c - a +0 shield (worn)
 d - a +2 chain mail of magic resistance
 j - a +2 hat of magic resistance (worn)
 y - a +1 scale mail of cold resistance (worn)
 G - a +1 pair of boots of running (worn)
 J - the cursed +0 cloak of the Slug {rN+++ Stlth-}
   (You found it on level 1 of the Spider Nest)

   It renders you almost immune to negative energy.
   It makes you less stealthy.
   It has a curse placed upon it.
 M - a +0 cloak of poison resistance (worn)
 U - a mottled dragon hide
Jewellery
 z - a ring of protection from fire (left hand)
 Y - a ring of protection from magic (right hand)
 Z - a +3 amulet of reflection (around neck)
Wands
 b - a wand of digging (7/24)
 h - a wand of lightning (1/15)
 R - a wand of digging (9/24)
Scrolls
 e - a scroll of enchant weapon
 i - 4 scrolls of amnesia
 m - a scroll of acquirement {unknown}
 p - 5 scrolls of blinking
 s - 5 scrolls of identify
 t - 11 scrolls of remove curse
 x - 5 scrolls of teleportation
 B - 4 scrolls of recharging
 E - 6 scrolls of fear
 L - a scroll of holy word
 P - a scroll of magic mapping
 S - a scroll of silence {unknown}
Potions
 k - 5 potions of flight
 l - 2 potions of agility
 q - 4 potions of curing
 r - 2 potions of might
 u - 5 potions of haste
 D - 2 potions of invisibility {unknown}
 H - 2 potions of mutation {unknown}
 I - a potion of ambrosia {unknown}
 K - a potion of lignification
Books
 o - a book of Battle

   Spells                             Type                      Level
   a - Infusion                       Charms                       1
   b - Shroud of Golubria             Charms/Translocation         2
   c - Song of Slaying                Charms                       2
   d - Spectral Weapon                Hexes/Charms                 3
   e - Regeneration                   Charms/Necromancy            3
 w - a book of Unlife

   Spells                             Type                      Level
   a - Recall                         Summoning/Translocation      3
   b - Animate Dead                   Necromancy                   4
   c - Control Undead                 Necromancy                   4
   d - Cigotuvi's Embrace             Necromancy                   5
   e - Death Channel                  Necromancy                   6
   f - Simulacrum                     Ice/Necromancy               6
Miscellaneous
 C - a fan of gales (inert)
 Q - a phial of floods (inert)
Comestibles
 a - 5 meat rations
 f - 13 bread rations
 g - 4 slices of pizza
 n - 3 fruits
 O - a beef jerky


   Skills:
 + Level 14.0 Fighting
 + Level 16.3 Axes
 + Level 14.2 Armour
 + Level 12.8 Dodging
 + Level 14.4 Shields
 - Level 8.0 Invocations
 + Level 7.5 Evocations


You had 15 spell levels left.
You didn't know any spells.

Dungeon Overview and Level Annotations

Branches:
Dungeon (15/15)            Temple (1/1) D:5            Lair (6/6) D:11
 Shoals (0/4) Lair:3       Spider (3/4) Lair:3        Slime (0/5) Lair:5
    Orc (2/2) D:10            Elf (0/3) Orc:2        Vaults (0/5) D:14
 Depths (0/5) D:15

Altars:
Ashenzari
Dithmenos
Elyvilon
Fedhas
Gozag
Kikubaaqudgha
Makhleb
Nemelex Xobeh
Okawaru
Qazlal
Vehumet
Xom
Yredelemnul
Zin
The Shining One
Jiyva

Shops:
D:6 (   D:12 *   Orc:2 (*(%[

Annotations:
Lair:3 exclusion: oklob plant


Innate Abilities, Weirdness & Mutations

You reflexively headbutt those who attack you in melee.
You have a pair of horns on your head.


Message History

A fierce wind blows from the fan.
The entropy weaver is blown away by the wind.
Evoke which item? (* to show all) (? for menu, Esc to quit)
Aim the phial where?
Press: ? - help, Shift-Dir - straight line, f - entropy weaver
Aim: an entropy weaver (moderately wounded)
The flood of elemental water hits the entropy weaver.
The entropy weaver is heavily wounded.
The wave splashes down.
The water rises up and takes form.
You feel sick.
You hear an angry hiss. x3; You hear an angry buzzing noise.
You hear an angry hiss. x5; You hear a hideous shriek!
You hear an angry hiss. x2
You slice the entropy weaver!! You freeze the entropy weaver.
Your headbutt misses the entropy weaver.
The entropy weaver is almost dead.
Your water elemental hits the entropy weaver.
Your water elemental engulfs the entropy weaver in water!
The entropy weaver hits you!
* * * LOW HITPOINT WARNING * * *
The entropy weaver hits you!
You die...

.####.....###
###.#.######
####.#....#
#.........##
###........##
#...........
##...........
#............
#.@.........#
#.a........##
#^.E≈≈......# ...
#..≈≈≈......# ...
#..≈≈≈......# ...
...≈........## ..
....#........# #
#.(......##........
##.........
##.....#.


You could see an entropy weaver and a friendly water elemental.

Vanquished Creatures
  Asterion (Spider:2)
  Kirke (D:12)
  2 emperor scorpions (Spider:2)
  A stone giant (Orc:1)
  2 entropy weavers
  Snorg (Lair:4)
  A fire dragon (Lair:5)
  The ghost of Nattefrost the Cleaver, a journeyman HOGl of Okawaru (D:11)
  2 rakshasas (D:15)
  3 centaur warriors
  5 hydras
  5 catoblepae
  The ghost of Dominolapin the Lord of Darkness, a journeyman DsMo of Kikubaaqudgha (D:14)
  A death knight (D:15)
  Urug (D:12)
  13 death yaks (Lair:6)
  5 orc high priests (Orc:2)
  A fire crab (Lair:4)
  An unseen horror (D:13)
  A giant orange brain (D:15)
  A wizard (D:14)
  4 orc knights (Orc:2)
  A necromancer (D:14)
  9 orb spiders
  A wolf spider zombie (D:15)
  7 hill giants
  A deep elf mage (D:14)
  2 manticores (D:15)
  A griffon (Lair:6)
  4 ugly things
  18 wolf spiders
  6 slime creatures (D:15)
  2 orc sorcerers (Orc:2)
  A siren (Lair:3)
  8 elephants (Lair:5)
  Maurice (D:9)
  2 cyclopes
  6 black mambas
  An eye of devastation (shapeshifter) (D:15)
  A torpor snail (Spider:1)
  8 spiny frogs
  4 komodo dragons
  11 demonic crawlers
  4 rime drakes
  17 jumping spiders
  3 trolls
  6 two-headed ogres
  21 blink frogs
  Grinder (D:6)
  3 boulder beetles
  28 redbacks
  A spriggan (D:7)
  A wraith (D:14)
  Sigmund (D:6)
  3 shadows
  15 tarantellas
  5 basilisks
  32 yaks
  4 wyverns
  2 hogs (D:12)
  2 hungry ghosts
  5 hippogriffs
  2 steam dragons
  A mottled dragon (D:15)
  4 wargs
  A naga (shapeshifter) (D:13)
  Menkaure (D:6)
  13 water moccasins
  2 soldier ants (D:15)
  38 orc warriors
  9 porcupines
  4 sky beasts
  3 black bears
  An eye of draining (shapeshifter) (D:15)
  2 eyes of draining
  6 ice beasts
  2 phantoms
  A wasp (Spider:1)
  14 ogres
  A necrophage (D:12)
  12 wolves
  13 crocodiles
  A tengu (shapeshifter) (D:14)
  13 centaurs
  2 big kobolds
  23 giant frogs
  The ghost of Xiguana the Vexing, an amateur SpAM (D:3)
  A gnoll sergeant (D:9)
  A water moccasin zombie (D:7)
  A wyvern skeleton (D:6)
  2 scorpions
  A water moccasin skeleton (D:8)
  3 killer bees (D:9)
  4 wights (D:9)
  A howler monkey (D:8)
  3 electric eels
  2 jellies
  5 centaur zombies
  5 crimson imps
  2 giant frog zombies
  6 hounds
  Crazy Yiuf (D:7)
  2 centaur skeletons
  A giant frog skeleton (D:4)
  37 orc priests
  8 iguanas
  21 orc wizards
  8 worker ants
  2 hound skeletons
  A worker ant zombie (D:6)
  14 adders
  4 gnolls (D:9)
  A howler monkey skeleton (D:4)
  65 river rats
  2 shadow imps
  2 oozes
  An adder skeleton (D:6)
  7 worms
  4 dart slugs
  7 giant geckos
  97 orcs
  3 giant cockroaches
  4 goblins
  4 hobgoblins
  7 jackals
  3 quokkas
  A ball python (D:3)
  6 bats
  A giant gecko skeleton (D:4)
  A giant gecko zombie (D:7)
  5 giant newts
  A jackal skeleton (D:9)
  13 kobolds
  2 quokka skeletons
  5 rats
  A butterfly (Lair:3)
  3 fungi
  9 plants
864 creatures vanquished.

Vanquished Creatures (others)
  2 centaur warriors (D:15)
  A cyclops (D:15)
  A jumping spider (Spider:1)
  5 humans (D:12)
  A water moccasin (Lair:4)
  4 centaurs
  10 fungi
  4 plants (Lair:6)
28 creatures vanquished.

Grand Total: 892 creatures vanquished

Notes
Turn   | Place    | Note
-------+----------+-------------------------------------------
     0 | D:1      | Gagarin the Minotaur Fighter began the quest for the Orb.
     0 | D:1      | Reached XP level 1. HP: 19/19 MP: 0/0
   202 | D:1      | Reached XP level 2. HP: 27/27 MP: 1/1
   623 | D:2      | Found a sparkling altar of Nemelex Xobeh.
   651 | D:2      | Reached XP level 3. HP: 33/33 MP: 2/2
   909 | D:2      | Reached skill level 1 in Dodging
  1170 | D:2      | Found a white marble altar of Elyvilon.
  1173 | D:2      | Found an ancient bone altar of Kikubaaqudgha.
  1208 | D:2      | Reached XP level 4. HP: 33/40 MP: 3/3
  1331 | D:3      | Noticed Xiguana's ghost (amateur SpAM)
  1431 | D:3      | Killed Xiguana's ghost
  1431 | D:3      | Reached skill level 3 in Axes
  1431 | D:3      | Reached XP level 5. HP: 47/47 MP: 4/4
  1781 | D:4      | Found a glowing silver altar of Zin.
  1782 | D:4      | Found an opulent altar of Gozag.
  1820 | D:4      | Reached skill level 5 in Armour
  1933 | D:4      | Reached XP level 6. HP: 53/53 MP: 5/5
  1936 | D:4      | Reached skill level 5 in Shields
  1945 | D:4      | Reached skill level 5 in Fighting
  1945 | D:4      | Reached skill level 4 in Axes
  2210 | D:5      | Entered Level 5 of the Dungeon
  2330 | D:5      | Reached XP level 7. HP: 59/61 MP: 6/6
  2403 | D:5      | Reached skill level 5 in Axes
  2548 | D:5      | Found a staircase to the Ecumenical Temple.
  2572 | Temple   | Entered the Ecumenical Temple
  2635 | Temple   | Became a worshipper of Warmaster Okawaru
  3087 | D:6      | Noticed Menkaure
  3092 | D:6      | Killed Menkaure
  3438 | D:6      | Found Zialacem's Antique Weapon Shoppe.
  3470 | D:6      | Reached XP level 8. HP: 49/70 MP: 7/7
  3488 | D:6      | Reached skill level 6 in Axes
  3505 | D:6      | Reached * piety under Okawaru
  3794 | D:6      | Noticed Grinder
  3805 | D:6      | Killed Grinder
  3944 | D:6      | Reached skill level 7 in Axes
  3976 | D:6      | Noticed Sigmund
  3989 | D:6      | Killed Sigmund
  3989 | D:6      | Reached skill level 5 in Dodging
  4000 | D:6      | Reached ** piety under Okawaru
  4436 | D:6      | Reached XP level 9. HP: 69/78 MP: 8/8
  4599 | D:7      | Reached skill level 8 in Axes
  4939 | D:7      | Found a runed door.
  4993 | D:7      | Noticed Crazy Yiuf
  5003 | D:7      | Killed Crazy Yiuf
  5179 | D:7      | Found a shattered altar of Ashenzari.
  5267 | D:7      | Got a bloodstained war axe {drain}
  5269 | D:7      | Identified the +8 war axe of Blind Justice {drain, rF+} (You took it off a crimson imp on level 7 of the Dungeon)
  5316 | D:7      | Reached *** piety under Okawaru
  5352 | D:7      | Reached skill level 9 in Axes
  5387 | D:7      | Found a blossoming altar of Fedhas.
  5544 | D:8      | Found a burning altar of Makhleb.
  5976 | D:8      | Reached XP level 10. HP: 51/88 MP: 9/9
  6099 | D:8      | Reached **** piety under Okawaru
  6313 | D:8      | Reached skill level 10 in Axes
  6700 | D:9      | Noticed Maurice
  6705 | D:9      | Killed Maurice
  6801 | D:9      | Found a basalt altar of Yredelemnul.
  6995 | D:10     | Entered Level 10 of the Dungeon
  7010 | D:10     | Reached ***** piety under Okawaru
  7154 | D:10     | Reached skill level 11 in Axes
  7155 | D:10     | Noticed a hill giant
  7164 | D:10     | Killed a hill giant
  7529 | D:10     | Reached XP level 11. HP: 97/97 MP: 10/10
  7690 | D:10     | Found a staircase to the Orcish Mines.
  7802 | D:11     | Noticed Nattefrost's ghost (journeyman HOGl)
  7844 | D:11     | Killed Nattefrost's ghost
  7844 | D:11     | Received a gift from Okawaru
  8300 | D:11     | Noticed a four-headed hydra
  8311 | D:11     | Killed a four-headed hydra
  8630 | D:11     | Reached skill level 10 in Shields
  8748 | D:11     | Found a staircase to the Lair.
  9266 | Lair:1   | Entered Level 1 of the Lair of Beasts
  9321 | Lair:1   | Reached skill level 12 in Axes
  9352 | Lair:1   | Reached skill level 10 in Armour
  9360 | Lair:1   | Reached ****** piety under Okawaru
  9450 | Lair:1   | Received a gift from Okawaru
 10192 | Lair:2   | Reached skill level 10 in Fighting
 10519 | Lair:2   | Noticed a catoblepas
 10544 | Lair:2   | Killed a catoblepas
 10770 | Lair:2   | Noticed a seven-headed hydra
 10777 | Lair:1   | Upgraded the game from 0.19-a0-1292-g796ee4d to 0.19-a0-1320-g0178847
 11088 | Lair:3   | Reached XP level 12. HP: 94/106 MP: 11/11
 11163 | Lair:3   | Found a hole to the Spider Nest.
 11189 | Lair:3   | Reached skill level 13 in Axes
 11233 | Lair:3   | Got a bone battleaxe
 11248 | Lair:3   | Identified the +5 battleaxe of Bugiojeps {chop, *Confuse Dex+7} (You found it on level 3 of the Lair of Beasts)
 11637 | Lair:3   | Found a staircase to the Shoals.
 11756 | Lair:3   | Received a gift from Okawaru
 11766 | Lair:3   | Identified a +1 pair of boots of running (Okawaru gifted it to you on level 3 of the Lair of Beasts)
 12396 | Lair:4   | Noticed Snorg
 12446 | Lair:4   | Killed Snorg
 12745 | Lair:4   | Reached skill level 14 in Axes
 12893 | Lair:4   | Found an ancient bone altar of Kikubaaqudgha.
 13324 | Lair:5   | Reached skill level 1 in Invocations
 13324 | Lair:5   | Reached skill level 1 in Evocations
 13351 | Lair:5   | Found a staircase to the Slime Pits.
 13351 | Lair:5   | Found a viscous altar of Jiyva.
 13374 | Lair:5   | Noticed a four-headed hydra
 13385 | Lair:5   | Killed a four-headed hydra
 13385 | Lair:5   | Received a gift from Okawaru
 13385 | Lair:5   | Reached XP level 13. HP: 113/116 MP: 13/13
 13436 | Lair:5   | Reached skill level 10 in Dodging
 13705 | Lair:5   | Noticed a fire dragon
 13721 | Lair:5   | Killed a fire dragon
 14204 | Lair:6   | Entered Level 6 of the Lair of Beasts
 14683 | Lair:6   | Received a gift from Okawaru
 14696 | Lair:6   | Got a steaming broad axe {god gift}
 14697 | Lair:6   | Identified the +7 broad axe "Ficuot" {freeze, rF++ rC-} (Okawaru gifted it to you on level 6 of the Lair of Beasts)
 15436 | Lair:6   | Received a gift from Okawaru
 15476 | Lair:6   | Reached skill level 15 in Axes
 15514 | Lair:6   | HP: 3/118 [catoblepas (27)]
 16081 | Lair:6   | Reached XP level 14. HP: 126/126 MP: 16/16
 16872 | Orc:1    | Entered Level 1 of the Orcish Mines
 16986 | Orc:1    | Noticed a stone giant
 16999 | Orc:1    | Killed a stone giant
 17077 | Orc:2    | Entered Level 2 of the Orcish Mines
 17079 | Orc:2    | Found a staircase to the Elven Halls.
 17091 | Orc:2    | Found Qihuix's Weapon Shop.
 17765 | Orc:2    | Received a gift from Okawaru
 17890 | Orc:2    | Reached skill level 5 in Evocations
 17915 | Orc:2    | Reached skill level 5 in Invocations
 17937 | Orc:2    | HP: 6/190 [orc warrior/trident (9)]
 17939 | Orc:2    | Gained mutation: Your mind is acute. (Int +2) [potion of beneficial mutation]
 18383 | Orc:2    | Found Jannyeshri's General Store.
 18386 | Orc:2    | Found Dymotoit's Food Shop.
 18387 | Orc:2    | Found Elall's Antique Armour Shop.
 18388 | Orc:2    | Found Ipoi's Antique Weapon Boutique.
 18399 | Orc:2    | Bought a scroll of blinking for 112 gold pieces
 19144 | D:12     | Found Qunamnen's Assorted Antiques.
 19147 | D:12     | Bought a twisted tourmaline ring for 110 gold pieces
 19147 | D:12     | Bought an opal ring for 110 gold pieces
 19147 | D:12     | Bought a potion of curing for 66 gold pieces
 19147 | D:12     | Bought a potion of curing for 66 gold pieces
 19207 | D:12     | Noticed Kirke
 19216 | D:12     | Killed Kirke
 19284 | D:12     | Gained mutation: Your spells are a little harder to cast, but a little more powerful. [potion of beneficial mutation]
 19413 | D:12     | Lost mutation: Your spells are a little harder to cast, but a little more powerful. [potion of cure mutation]
 19413 | D:12     | Lost mutation: Your mind is acute. (Int +2) [potion of cure mutation]
 19422 | D:12     | Found a stormy altar of Qazlal.
 19716 | D:12     | Noticed Urug
 19742 | D:12     | Killed Urug
 20194 | D:13     | Identified the Tome of Aerial Combat Magic
 20674 | D:14     | Noticed Dominolapin's ghost (journeyman DsMo)
 20686 | D:14     | Killed Dominolapin's ghost
 20702 | D:14     | Found a glowing golden altar of the Shining One.
 20831 | D:14     | Received a gift from Okawaru
 21081 | D:14     | Reached XP level 15. HP: 126/134 MP: 18/18
 21416 | D:14     | Found a gate to the Vaults.
 21535 | D:15     | Entered Level 15 of the Dungeon
 21705 | D:15     | Received a gift from Okawaru
 21719 | D:15     | Found a staircase to the Depths.
 22769 | Spider:1 | Entered Level 1 of the Spider Nest
 22780 | Spider:1 | Reached skill level 16 in Axes
 23431 | Spider:1 | Upgraded the game from 0.19-a0-1320-g0178847 to 0.19-a0-1341-g3513869
 23759 | Spider:1 | Received a gift from Okawaru
 23912 | Spider:1 | Got a faintly humming cloak
 23913 | Spider:1 | Identified the cursed +0 cloak of the Slug {rN+++ Stlth-} (You found it on level 1 of the Spider Nest)
 24297 | Spider:2 | Noticed Asterion
 24332 | Spider:2 | Killed Asterion
 24581 | Spider:2 | Reached XP level 16. HP: 104/145 MP: 20/20
 24741 | Spider:2 | Got an iridescent spear
 25977 | Spider:3 | HP: 4/146 [entropy weaver (15)]
 25977 | Spider:3 | Mangled by an entropy weaver

Vault maps used:
D:1:      lightli_arrival_boilingwater, minmay_misc_feat_four_crosses
D:2:      grunt_temple_overflow_open, minivault_26
D:3:      first_bread
D:4:      grunt_temple_overflow_gold_and_silver
D:5:      due_unseen_surprise
D:6:      serial_shops, nicolae_shop_behind_doors, uniq_sigmund, uniq_grinder,
          uniq_menkaure
D:7:      kennysheep_mini_moat, basic_altar, the_bakery, uniq_crazy_yiuf_cottage
D:8:      nicolae_overflow_crystal_walls, kennysheep_pointless_box
D:9:      yredelemnul_altar_generic, uniq_maurice
D:10:     orc_0_dummy, hangedman_abyss_or_decor_stabs
D:11:     dpeg_oklobed_lair
D:12:     serial_shops, nicolae_shop_stone, basic_altar,
          hangedman_decor_peaks_small, minmay_misc_feat_ornament, uniq_kirke,
          uniq_urug
D:14:     david_vaults_1, basic_altar, grunt_decor_cap
D:15:     gammafunk_enter_depths_forms, lab_entry_generic,
          hangedman_decor_lopped
Temple:   dpeg_chambers_temple
Lair:1:   serial_bayou_shore_b, grunt_megastairs_1, serial_bayou_shore_b,
          bh_autumn_forest_stairs
Lair:3:   elwin_shoals_entry_rooms, spider_nest_entry_rubble, minmay_holes,
          st_stairs_13, guppyfry_lair_drakes, lemuel_fruit_fields,
          serial_bayou_shore_b
Lair:4:   basic_altar, st_stairs_7, infiniplex_staircase_pool_2, uniq_snorg
Lair:5:   dragon1_lemuel, slime_altar_1
Lair:6:   evilmike_catoblepas_cave, grunt_megastairs_5
Spider:2: uniq_asterion
Orc:2:    st_orc_pillars, serial_shops, nicolae_shop_trees

Skill      XL: |  1  2  3  4  5  6  7  8  9 10 11 12 13 14 15 16 |
---------------+-------------------------------------------------+-----
Armour         | 4 5 6 7 8 9 10 11 12 13 14 | 14.2
Fighting       | 4 5 6 7 9 10 11 12 13 14 | 14.0
Dodging        | 1 2 3 4 5 6 7 8 9 10 11 12 | 12.8
Shields        | 4 5 6 7 8 9 10 11 12 13 14 | 14.4
Axes           | 3 4 5 7 9 11 12 14 15 16 | 16.3
Invocations    | 1 4 5 7 8 |  8.0
Evocations     | 1 4 6 7 |  7.5

Action                   |  1- 3 |  4- 6 |  7- 9 | 10-12 | 13-15 | 16-18 || total
-------------------------+-------+-------+-------+-------+-------+-------++-------
Melee: War axe           |    85 |   117 |   256 |   612 |    86 |       ||  1156
       Headbutt          |    13 |    26 |    44 |    94 |   256 |    38 ||   471
       Flail             |       |       |       |     7 |    14 |       ||    21
       Broad axe         |       |       |       |       |   943 |   135 ||  1078
       Eveningstar       |       |       |       |       |     6 |       ||     6
Throw: Javelin           |       |       |       |       |     1 |     3 ||     4
Invok: Heroism           |       |       |     1 |     1 |    12 |     1 ||    15
       Finesse           |       |       |       |       |     2 |       ||     2
Evoke: Wand              |       |       |       |     4 |    12 |     1 ||    17
       Fan of gales      |       |       |       |       |       |     1 ||     1
       Phial of floods   |       |       |       |       |       |     1 ||     1
  Use: Potion            |       |       |     2 |     2 |    19 |     1 ||    24
       Scroll            |       |       |     3 |     7 |    16 |       ||    26
 Stab: Petrified         |       |       |       |       |     6 |       ||     6
  Eat: Chunk             |     1 |     4 |    12 |    24 |    36 |     3 ||    80
Armor: Scale mail        |    43 |    54 |    59 |       |    41 |    55 ||   252
       Chain mail        |       |       |     3 |   188 |   257 |       ||   448
       Skin              |       |       |       |     6 |    33 |       ||    39
Dodge: Dodged            |    33 |    47 |    83 |   194 |   367 |    98 ||   822
Block: Shield            |    54 |    58 |   132 |   381 |   804 |   143 ||  1572
       Reflection        |       |       |       |     1 |    60 |       ||    61
